 Dungeon Crawl Stone Soup version 0.26-a0-660-gc07710193c (webtiles) character file.

Game seed: 2141450049878499108

188085 wqewqe the Severer (level 16, -6/146 HPs)
             Began as a Deep Dwarf Fighter on Oct 8, 2020.
             Was the Champion of Ru.
             Mangled by a white ugly thing (23 damage)
             ... on level 14 of the Dungeon.
             The game lasted 00:54:10 (7347 turns).

wqewqe the Severer (Deep Dwarf Fighter)             Turns: 7347, Time: 00:54:11

Health: -6/146     AC: 28    Str: 28    XL:     16   Next: 82%
Magic:  0/12       EV: 18    Int: 14    God:    Ru [******]
Gold:   531        SH:  0    Dex: 12    Spells: 27/27 levels left

rFire    + + .     SeeInvis .   s - +1 broad axe (elec)
rCold    . . .     Faith    .   (shield unavailable)
rNeg     + . .     Spirit   +   Q - +5 chain mail {rF+}
rPois    .         Reflect  .   O - +1 helmet {Int+3}
rElec    .         Harm     .   X - +1 cloak {rF+}
rCorr    .         Rampage  .   M - +2 pair of gloves {Str+3}
MR       ++...                  u - +2 pair of boots
Stlth    ..........             R - amulet of guardian spirit
HPRegen  0.00/turn              (ring unavailable)
MPRegen  0.13/turn              S - +4 ring of evasion

@: exhausted, non-regenerating, drained
A: damage resistance, heal wounds, negative energy resistance 1, sense
surroundings 2, missing a hand, unskilled 1, inexperienced 1, no regeneration
}: 3/15 runes: decaying, serpentine, abyssal
a: Heal Wounds, Draw Out Power, Power Leap, Apocalypse, Renounce Religion


You were on level 14 of the Dungeon.
You worshipped Ru.
Ru was exalted by your worship.
You visited 6 branches of the dungeon, and saw 31 of its levels.
You visited the Abyss 1 time.
You also visited: Sewer, Ossuary, Bailey and Volcano.

You collected 2020 gold pieces.
You spent 1489 gold pieces at shops.

Inventory:

Hand Weapons
 s - a +1 broad axe of electrocution (weapon)
 x - a +1 scimitar of distortion
 W - a +2 broad axe of flaming
Armour
 q - the -2 helmet of the Louse {MR+}
   (You found it on level 2 of the Swamp)

   It affects your resistance to hostile enchantments.
 u - a +2 pair of boots (worn)
 M - a +2 pair of gloves of strength (worn)
 N - the +0 ice dragon scales of Beogh's Supremacy {rPois rF- rC++ Int+2 Dex+4}
   (You found it in a bailey)

   It affects your intelligence (+2).
   It affects your dexterity (+4).
   It makes you vulnerable to fire.
   It greatly protects you from cold.
   It protects you from poison.
 O - a +1 helmet of intelligence (worn)
 P - the +2 cloak of the Thief {*Fog Slay-2 SInv Stlth+}
   (You acquired it on level 12 of the Dungeon)

   It affects your accuracy and damage with ranged weapons and melee attacks
   (-2).
   It lets you see invisible.
   It makes you more stealthy.
 Q - a +5 chain mail of fire resistance (worn)
 X - a +1 cloak of fire resistance (worn)
Jewellery
 j - a +4 ring of protection
 B - an uncursed ring of protection from fire
 R - an amulet of guardian spirit (around neck)
 S - a +4 ring of evasion (right hand)
 Z - the amulet of Knowledge {RegenMP rC++ Dex-2}
   (You found it on level 2 of the Swamp)

   [amulet of magic regeneration]

   It increases your magic regeneration.
   It affects your dexterity (-2).
   It greatly protects you from cold.
Wands
 b - a wand of paralysis (4)
 m - a wand of disintegration (14)
 o - a wand of digging (2)
 r - a wand of flame (4)
 F - a wand of acid (4)
 I - a wand of polymorph (9)
 J - a wand of iceblast (29)
 L - a wand of enslavement (18)
Scrolls
 a - 2 scrolls of magic mapping
 d - a scroll of blinking
 g - 5 scrolls of fear
 h - 6 scrolls of teleportation
 y - 2 scrolls of fog
 U - a scroll of vulnerability
 V - a scroll of immolation
Potions
 c - 2 potions of mutation
 e - 6 potions of brilliance
 f - 2 potions of lignification {unknown}
 i - 2 potions of curing
 l - 2 potions of resistance
 n - 3 potions of degeneration
 p - 3 potions of berserk rage
 t - a potion of might
 v - 4 potions of heal wounds
 w - a potion of flight
 z - 2 potions of cancellation {unknown}
 C - a potion of stabbing {unknown}
 D - 2 potions of ambrosia
 E - a potion of invisibility
 T - 2 potions of magic
Miscellaneous
 k - a tin of tremorstones (1/3)
 G - a condenser vane (inert)


   Skills:
 + Level 10.2(9.3) Fighting
 * Level 17.2(16.1) Axes
 + Level 11.9(10.9) Armour
 + Level 11.2(10.3) Dodging
 + Level 6.2(5.4) Spellcasting
 + Level 15.9(14.8) Evocations


You had 27 spell levels left.
You didn't know any spells.
Your spell library was empty.

Dungeon Overview and Level Annotations

Branches:
Dungeon (14/15)            Temple (1/1) D:4            Lair (6/6) D:11
  Swamp (4/4) Lair:3        Snake (4/4) Lair:4          Orc (2/2) D:11
    Elf (0/3) Orc:2         Sewer (visited)         Ossuary (visited)
 Bailey (visited)         Volcano (visited)
  Slime: Lair:5-6    Vaults: D:13-14

Altars:
Cheibriados
Elyvilon
Kikubaaqudgha
Okawaru
Qazlal
Ru
Sif Muna
Trog
Vehumet
Xom
Yredelemnul
The Shining One

Shops:
D:4 *!(}   D:12 *

Annotations:
Lair:3 exclusion: 2 oklob plants


Innate Abilities, Weirdness & Mutations

You are resistant to damage.
You can heal yourself by infusing magical energy.
You resist negative energy. (rN+)
You passively map the area around you.
You are missing a hand.
You are somewhat unskilled. (-1 Apt)
You are somewhat inexperienced. (-2 XL)
You do not regenerate.


Message History

You hit the white ugly thing but do no damage.
Lightning courses through the white ugly thing!
The white ugly thing headbutts you but does no damage.
You hit the white ugly thing.
The white ugly thing is moderately wounded.
You hit the white ugly thing.
Lightning courses through the white ugly thing!
The white ugly thing headbutts you.
* * * LOW HITPOINT WARNING * * *
The white ugly thing freezes you!!
* * * LOW HITPOINT WARNING * * *
The white ugly thing closely misses you.
Your magical essence is drained by the effort!
You feel much better. The white ugly thing headbutts you.
The white ugly thing freezes you!!
* * * LOW HITPOINT WARNING * * *
The white ugly thing headbutts you!
* * * LOW HITPOINT WARNING * * *
The white ugly thing freezes you!!
You die...

, , ^ * + * ,
> ,* * * * *
, * * *
###+#### ,
#......# , ,
#......#
####......#
..('..u@†.# ,
,
**####...u..#
, #......# **
####'### *
#...# * #.###
#.# * ##.#
#..#


You could see 2 ugly things.

Vanquished Creatures
  Rupert (Lair:6)
  2 deep elf blademasters (Abyss:4)
  A tentacled starspawn (Abyss:4)
  3 thorn hunters
  5 nagarajas (Snake:4)
  Donald (Swamp:2)
  2 deep elf sorcerers (Abyss:4)
  A very ugly thing (Swamp:4)
  2 dire elephants (Abyss:4)
  A red draconian (Volcano)
  Erolcha (D:12)
  2 rakshasas (Abyss:4)
  6 naga warriors (Snake:4)
  3 ice dragons (Swamp:4)
  3 shambling mangroves
  A boulder beetle (Lair:3)
  A centaur warrior (Volcano)
  16 hydras
  5 anacondas (Snake:4)
  A two-headed ogre (D:10)
  13 alligators
  6 death yaks (Lair:6)
  2 shock serpents (Snake:4)
  8 naga sharpshooters (Snake:4)
  3 hell hogs (Abyss:4)
  3 unseen horrors
  3 spriggan druids
  8 sea snakes (Snake:4)
  6 swamp dragons
  2 naga ritualists (Snake:4)
  3 orc knights (Bailey)
  4 mana vipers
  6 salamanders
  A deep elf mage (D:12)
  2 manticores
  2 worldbinders (Abyss:4)
  3 ugly things (D:14)
  Joseph (D:7)
  15 black mambas
  2 water nymphs (Abyss:4)
  10 guardian serpents (Snake:4)
  16 elephants
  11 naga magi
  13 cane toads
  A gargoyle (D:12)
  5 komodo dragons
  A rime drake (Lair:3)
  A yaktaur (Volcano)
  4 freezing wraiths (Swamp:4)
  A troll (D:12)
  4 polar bears
  Grinder (D:6)
  4 bog bodies
  7 hornets
  A tyrant leech (Swamp:4)
  7 dream sheep (Lair:4)
  16 blink frogs
  5 slime creatures (Swamp:4)
  A shadow (Swamp:3)
  Sigmund (D:6)
  3 wyverns
  2 water elementals (Abyss:4)
  5 spriggans
  6 fire bats (Volcano)
  A basilisk (Lair:4)
  28 yaks
  Grum (D:11)
  A neqoxec (Abyss:4)
  9 vampire mosquitoes
  A steam dragon (Lair:2)
  9 swamp worms
  30 nagas
  3 swamp worm simulacra (Swamp:4)
  3 insubstantial wisps (Swamp:2)
  14 hydra simulacra (Swamp:4)
  An acid dragon (D:11)
  4 large abominations
  6 water moccasins
  4 swamp drakes
  7 orc warriors
  Purgy (Sewer)
  2 ice beasts (D:4)
  3 black bears
  2 sky beasts
  A necrophage (D:8)
  A phantom (D:8)
  6 ogres
  17 wolves
  10 centaurs
  3 big kobolds
  8 bullfrogs
  A gnoll sergeant (D:9)
  11 scorpions
  5 killer bees (D:12)
  11 wights
  4 howler monkeys
  An electric eel (Lair:3)
  3 bullfrog zombies
  4 lava snakes (Volcano)
  3 centaur zombies
  3 hounds
  A quasit (Abyss:4)
  5 human zombies (Ossuary)
  2 orc priests (D:8)
  2 bullfrog skeletons
  A jelly (D:11)
  2 centaur skeletons
  3 orc wizards (D:7)
  An iguana (D:12)
  A hell rat (D:11)
  6 worker ants
  2 big kobold zombies (Ossuary)
  3 mummies (Ossuary)
  14 gnolls
  4 adders
  4 river rats
  5 scorpion zombies (Ossuary)
  A shadow imp (D:5)
  A white imp (D:8)
  An ufetubus (D:5)
  An ooze (D:1)
  4 swamp drake simulacra (Swamp:4)
  3 adder skeletons
  A worm (D:4)
  7 leopard geckos
  24 orcs
  3 bats (D:3)
  6 giant cockroaches
  3 goblins
  4 hobgoblins
  9 jackals
  24 kobolds
  2 quokkas (D:5)
  A ball python (D:4)
  A frilled lizard (D:1)
  4 hobgoblin zombies (Ossuary)
  2 kobold zombies (Ossuary)
  A leopard gecko skeleton (D:5)
  An orc zombie (Ossuary)
  2 rats
  9 briar patches
  2 starspawn tentacles (Abyss:4)
672 creatures vanquished.

Vanquished Creatures (collateral kills)
  Maggie (D:6)
1 creature vanquished.

Vanquished Creatures (others)
  2 worldbinders (Abyss:4)
  A guardian serpent (Snake:4)
  A yak (Lair:5)
  A vampire mosquito (Swamp:4)
  A naga (Snake:4)
  3 swamp worms (Swamp:4)
  A jelly (D:12)
  An orc (Bailey)
  3 kobolds (D:10)
  2 briar patches (Swamp:2)
  A bush (Lair:4)
  18 fungi
  16 plants
51 creatures vanquished.

Grand Total: 724 creatures vanquished

Notes
Turn   | Place    | Note
-------+----------+-------------------------------------------
     0 | D:1      | wqewqe the Deep Dwarf Fighter began the quest for the Orb.
     0 | D:1      | Reached XP level 1. HP: 20/20 MP: 1/1
    49 | D:1      | Reached skill level 3 in Axes
    51 | D:1      | Reached XP level 2. HP: 24/27 MP: 2/2
   197 | D:3      | Reached XP level 3. HP: 27/33 MP: 3/3
   200 | D:3      | Reached skill level 4 in Axes
   326 | D:4      | Found Leur's Gadget Shoppe.
   336 | D:4      | Noticed an ice beast
   358 | D:4      | Killed an ice beast
   358 | D:4      | Reached skill level 5 in Axes
   358 | D:4      | Reached XP level 4. HP: 18/40 MP: 3/3
   358 | D:4      | Reached XP level 5. HP: 21/46 MP: 4/4
   367 | D:4      | Found a staircase to the Ecumenical Temple.
   378 | D:4      | Reached skill level 6 in Axes
   390 | Temple   | Entered the Ecumenical Temple
   433 | Temple   | Became a worshipper of Ru the Awakened
   487 | D:4      | Found a glowing drain.
   487 | D:4      | Found Morch's Weapon Emporium.
   496 | Sewer    | Entered a sewer
   544 | Sewer    | Noticed Purgy
   550 | Sewer    | Killed Purgy
   550 | Sewer    | Reached skill level 7 in Axes
   550 | Sewer    | Reached XP level 6. HP: 54/55 MP: 4/4
   621 | D:4      | Found Erakk's Distillery.
   688 | D:4      | Found Zitoazy's Assorted Antiques.
   705 | D:4      | Reached skill level 8 in Axes
   714 | D:4      | Found an iron altar of Okawaru.
   733 | D:5      | Entered Level 5 of the Dungeon
   748 | D:5      | Reached XP level 7. HP: 31/61 MP: 5/5
   782 | D:5      | Reached skill level 9 in Axes
   837 | D:5      | Found a shimmering blue altar of Sif Muna.
   908 | D:6      | Noticed Sigmund
   918 | D:6      | Killed Sigmund
   948 | D:6      | Noticed Maggie
   955 | D:6      | Killed Maggie
   955 | D:6      | Reached XP level 8. HP: 41/69 MP: 6/6
   961 | D:6      | Found a sand-covered staircase.
   971 | Ossuary  | Entered an ossuary
  1044 | Ossuary  | Reached skill level 10 in Axes
  1046 | Ossuary  | Gained mutation: You are missing a hand. [Ru sacrifice]
  1046 | Ossuary  | Reached * piety under Ru
  1046 | Ossuary  | Reached ** piety under Ru
  1046 | Ossuary  | Reached *** piety under Ru
  1067 | Ossuary  | Reached skill level 1 in Dodging
  1119 | Ossuary  | Reached skill level 5 in Armour
  1323 | D:6      | Noticed Grinder
  1332 | D:6      | Killed Grinder
  1332 | D:6      | Gained mutation: You passively map the area around you.
                  | [Deep Dwarf growth]
  1332 | D:6      | Reached XP level 9. HP: 49/79 MP: 7/7
  1485 | D:4      | Bought a condenser vane (2/2) for 240 gold pieces
  1525 | D:4      | Reached skill level 11 in Axes
  1622 | D:7      | Noticed Joseph
  1635 | D:7      | Killed Joseph
  1639 | D:7      | Reached skill level 5 in Fighting
  1938 | D:9      | Found a white marble altar of Elyvilon.
  1979 | D:10     | Entered Level 10 of the Dungeon
  2003 | D:10     | Gained mutation: You are somewhat inexperienced. (-2 XL)
                  | [Ru sacrifice]
  2003 | D:10     | Reached XP level 8. HP: 62/75 MP: 6/6
  2003 | D:10     | Reached XP level 7. HP: 62/67 MP: 5/5
  2003 | D:10     | Reached **** piety under Ru
  2003 | D:10     | Reached ***** piety under Ru
  2037 | D:10     | Reached XP level 8. HP: 64/75 MP: 6/6
  2038 | D:10     | Reached skill level 12 in Axes
  2062 | D:10     | Got a bloodstained rapier
  2227 | D:10     | Noticed a two-headed ogre
  2238 | D:10     | Killed a two-headed ogre
  2238 | D:10     | Reached skill level 5 in Dodging
  2238 | D:10     | Reached skill level 1 in Spellcasting
  2238 | D:10     | Reached XP level 9. HP: 25/82 MP: 1/7
  2390 | D:11     | Killed an unseen horror
  2497 | D:12     | Noticed a five-headed hydra
  2499 | D:12     | Found a flagged portal.
  2508 | Bailey   | Entered a bailey
  2521 | Bailey   | Identified 2 scrolls of acquirement
  2521 | Bailey   | Acquired 1044 gold pieces
  2523 | Bailey   | Acquired a +2 pair of gloves of strength
  2733 | Bailey   | Noticed an orc knight
  2733 | Bailey   | Noticed an orc knight
  2733 | Bailey   | Noticed an orc knight
  2736 | Bailey   | Killed an orc knight
  2736 | Bailey   | Reached skill level 5 in Evocations
  2736 | Bailey   | Killed an orc knight
  2736 | Bailey   | Reached XP level 10. HP: 71/91 MP: 10/13
  2738 | Bailey   | Killed an orc knight
  2785 | Bailey   | Got faintly humming ice dragon scales
  2795 | Bailey   | Identified the cursed +0 ice dragon scales of Beogh's
                  | Supremacy {rPois rF- rC++ Int+2 Dex+4} (You found it in a
                  | bailey)
  2865 | D:12     | Killed an unseen horror
  2865 | D:12     | Killed an unseen horror
  2865 | D:12     | Reached skill level 5 in Spellcasting
  2866 | D:12     | Killed a five-headed hydra
  2867 | D:12     | Noticed Erolcha
  2873 | D:12     | Found Kuful's General Store.
  2880 | D:12     | Bought a scroll of acquirement for 884 gold pieces
  2880 | D:12     | Bought a +2 chain mail of fire resistance for 365 gold
                  | pieces
  2880 | D:12     | Acquired the +2 cloak of the Thief {*Fog Slay-2 SInv
                  | Stlth+}
  2881 | D:12     | Found the +2 cloak of the Thief {*Fog Slay-2 SInv Stlth+}
  2931 | D:12     | Killed Erolcha
  2936 | D:12     | Noticed a deep elf mage
  2949 | D:12     | Killed a deep elf mage
  2949 | D:12     | Reached skill level 10 in Evocations
  2963 | D:12     | Noticed a gargoyle
  2972 | D:12     | HP: 1/91 [gargoyle/stone arrow (16)]
  2978 | D:12     | Reached XP level 11. HP: 79/97 MP: 15/15
  3073 | D:12     | Noticed an eight-headed hydra
  3092 | D:12     | Gained mutation: You are somewhat unskilled. (-1 Apt) [Ru
                  | sacrifice]
  3092 | D:12     | Reduced skill Axes to level 11
  3092 | D:12     | Reduced skill Evocations to level 10
  3092 | D:12     | Reached ****** piety under Ru
  3356 | D:11     | Noticed Grum
  3368 | D:11     | Killed Grum
  3407 | D:11     | Found a staircase to the Orcish Mines.
  3414 | Orc:1    | Entered Level 1 of the Orcish Mines
  3421 | Orc:2    | Entered Level 2 of the Orcish Mines
  3421 | Orc:2    | Found a staircase to the Elven Halls.
  3565 | D:11     | Reached skill level 5 in Dodging
  3572 | D:11     | Found a staircase to the Lair.
  3598 | Lair:1   | Entered Level 1 of the Lair of Beasts
  3766 | Lair:4   | Noticed a seven-headed hydra
  3776 | Lair:4   | Reached skill level 12 in Axes
  3779 | Lair:4   | Killed a nine-headed hydra
  3779 | Lair:4   | Reached XP level 12. HP: 100/105 MP: 6/15
  3779 | Lair:4   | Noticed a five-headed hydra
  3791 | Lair:4   | Killed an eight-headed hydra
  3962 | Lair:2   | Got a warped scimitar
  4174 | Lair:3   | Noticed a five-headed hydra
  4216 | Lair:5   | Noticed a four-headed hydra
  4317 | Lair:5   | Killed a six-headed hydra
  4317 | Lair:5   | Reached skill level 13 in Axes
  4325 | Lair:5   | Found a dark tunnel.
  4330 | Volcano  | Entered a volcano
  4394 | Volcano  | Noticed a centaur warrior
  4394 | Volcano  | Noticed a red draconian
  4395 | Volcano  | Killed a centaur warrior
  4403 | Volcano  | Killed a red draconian
  4441 | Volcano  | Found a radiant altar of Vehumet.
  4549 | Lair:5   | Noticed an eight-headed hydra
  4553 | Lair:5   | Reached XP level 13. HP: 97/114 MP: 14/16
  4574 | Lair:6   | Entered Level 6 of the Lair of Beasts
  4691 | Lair:6   | Reached skill level 14 in Axes
  4711 | Lair:6   | Noticed Rupert
  4718 | Lair:6   | Killed Rupert
  4801 | Lair:4   | Found a staircase to the Snake Pit.
  4811 | Snake:1  | Entered Level 1 of the Snake Pit
  4936 | Snake:3  | Got a buzzing scale mail
  4953 | Snake:4  | Entered Level 4 of the Snake Pit
  4957 | Snake:4  | Gained mutation: You resist negative energy. (rN+) [Deep
                  | Dwarf growth]
  4957 | Snake:4  | Reached XP level 14. HP: 98/124 MP: 11/17
  5128 | Snake:4  | Reached skill level 15 in Axes
  5160 | Snake:4  | Reached skill level 10 in Armour
  5230 | Snake:4  | Noticed a nagaraja
  5239 | Snake:4  | Noticed a nagaraja
  5243 | Snake:4  | Noticed a nagaraja
  5246 | Snake:4  | Killed a nagaraja
  5262 | Snake:4  | Killed a nagaraja
  5262 | Snake:4  | Reached XP level 15. HP: 74/134 MP: 13/15
  5265 | Snake:4  | Killed a nagaraja
  5322 | Snake:4  | Noticed a nagaraja
  5323 | Snake:4  | Noticed a nagaraja
  5323 | Snake:4  | Killed a nagaraja
  5325 | Snake:4  | Killed a nagaraja
  5355 | Snake:4  | Reached skill level 10 in Dodging
  5367 | Snake:4  | Got a serpentine rune of Zot
  5554 | Lair:3   | Reached skill level 16 in Axes
  5564 | Lair:3   | Found a staircase to the Swamp.
  5590 | Swamp:1  | Entered Level 1 of the Swamp
  5665 | Swamp:1  | Noticed a thorn hunter
  5684 | Swamp:1  | Killed a thorn hunter
  5698 | Swamp:2  | Noticed Donald
  5700 | Swamp:2  | Reached skill level 15 in Evocations
  5722 | Swamp:2  | Killed Donald
  5754 | Swamp:2  | Found a transporter.
  5774 | Swamp:2  | Found a transporter.
  5852 | Swamp:2  | Reached skill level 5 in Spellcasting
  5880 | Swamp:2  | Got a vibrating pewter amulet
  5891 | Swamp:2  | Identified the amulet of Knowledge {RegenMP rC++ Dex-2}
                  | (You found it on level 2 of the Swamp)
  5908 | Swamp:2  | Got a faintly humming helmet
  5918 | Swamp:2  | Identified the cursed -2 helmet of the Louse {MR+} (You
                  | found it on level 2 of the Swamp)
  6037 | Swamp:3  | Paralysed by a hornet for 1 turns
  6037 | Swamp:3  | HP: 5/135 [shambling mangrove (10)]
  6151 | Swamp:4  | Entered Level 4 of the Swamp
  6166 | Swamp:4  | Paralysed by a hornet for 2 turns
  6264 | Swamp:4  | Reached XP level 16. HP: 100/144 MP: 4/14
  6455 | Swamp:4  | Got a decaying rune of Zot
  6514 | Swamp:4  | Noticed a thorn hunter
  6531 | Swamp:4  | Killed a thorn hunter
  6930 | Snake:4  | Cast into level 3 of the Abyss (unwielding a weapon of
                  | distortion)
  6983 | Abyss:4  | Noticed a thorn hunter
  7004 | Abyss:4  | Killed a thorn hunter
  7004 | Abyss:4  | Reached skill level 10 in Fighting
  7037 | Abyss:4  | Noticed a deep elf blademaster
  7039 | Abyss:4  | Reached skill level 17 in Axes
  7041 | Abyss:4  | Killed a deep elf blademaster
  7065 | Abyss:4  | Noticed a deep elf blademaster
  7079 | Abyss:4  | Noticed a tentacled starspawn
  7089 | Abyss:4  | Killed a tentacled starspawn
  7089 | Abyss:4  | Killed a deep elf blademaster
  7094 | Abyss:4  | Got an abyssal rune of Zot
  7109 | Snake:4  | Escaped the Abyss
  7347 | D:14     | Mangled by a white ugly thing

Illustrated notes

Levels and vault maps discovered:
D:1:      roderic_crossed_star, layout_basic, serial_bayou, serial_bayou_pond_c,
          serial_bayou_pond_d, serial_bayou_pond_a, serial_bayou_lake_a,
          chequers_mini_garden, minmay_misc_feat_secret_circle, st_stairs_2,
          grunt_decor_cap
D:2:      layout_loops_ring, lemuel_coloured_pillars_altar,
          gammafunk_temple_overflow_pools,
          chequers_ecumenical_altar_simple_redux
D:3:      layout_rooms, minmay_misc_feat_room, fedhas_altar_3
D:4:      layout_loops_ring, okawaru_trees_2, zin_statuary,
          minmay_temple_entry_statues_fountains, ebering_ghost_inner_flame,
          serial_shops, shop, shop, shop, shop_statue, portal_sewer_entry_d,
          kennysheep_decorative_pillar
D:5:      layout_rooms, led_sif_pool
D:6:      layout_loops_ring, enter_ossuary_1, grunt_qazlal_sundering,
          uniq_grinder, uniq_prince_ribbit1, uniq_blork_the_orc, uniq_sigmund,
          uniq_maggie
D:7:      layout_layer_cave, bloody_makhleb, uniq_duvessa, uniq_joseph
D:8:      layout_loops_ring, overflow_temple_1_default
D:9:      layout_irregular_city, marbit_many_paths, kennysheep_little_box,
          grunt_gozag_breadcrumbs, kennysheep_mini_moat, elyvilon_altar_3
D:10:     layout_stronghold
D:11:     layout_small_grid, erik_lair_dragon, dk_vineyard_1, uniq_grum
D:12:     layout_basic, enter_bailey_6, serial_shops, nicolae_shop_statue_plus,
          lightli_fourway_metalbox, uniq_erolcha
D:13:     layout_basic, david_vaults_5, uniq_kirke
D:14:     layout_roguey, moated_statue, uniq_azrael
Temple:   cyrus_temple_forest
Lair:1:   layout_gridlike, chequers_serial_rivers_micro_d, kennysheep_rathole
Lair:2:   layout_cave_pods, serial_forest, infiniplex_forest_lined_1,
          infiniplex_forest_straight_4, infiniplex_forest_clump_tiny,
          infiniplex_forest_lined_3, serial_bayou_shore_a, lemuel_fruit_tree
Lair:3:   layout_regular_city, nicolae_swamp_entry_splash_gauntlet,
          minmay_lair_oklob_chamber, serial_bayou_shore_b, grunt_megastairs_4
Lair:4:   layout_misc_corridors, basic_altar
Lair:5:   layout_regular_city, slime_altar_2, nicolae_volcano_entry_two_sided,
          grunt_megastairs_5
Lair:6:   grunt_lair_end_beastmaster, layout_regular_city, ebering_ghost_xom,
          chequers_serial_rivers_small_b, grunt_megastairs_1,
          lemuel_fruit_fields, uniq_rupert
Swamp:1:  layout_basic_swamp, nicolae_swamp_dense_foliage
Swamp:2:  gammafunk_worm_tunnel, layout_falls_marsh, serial_swamp_ruin,
          evilmike_swamp_ruin_house_3, evilmike_swamp_ruin_rubble_1,
          evilmike_swamp_ruin_house_2, uniq_donald
Swamp:3:  layout_falls_marsh, infiniplex_staircase_pool
Swamp:4:  swamp_icy, layout_basic_swamp
Snake:1:  layout_onion
Snake:2:  layout_basic, drop_trap
Snake:3:  layout_cave_town, nicolae_snake_springs
Snake:4:  grunt_snake_rune_pools, layout_basic
Orc:1:    layout_caves, biasface_ghost_orc_armoury
Orc:2:    grunt_orc_gardens, layout_diamond_mine, grunt_orc_garden,
          grunt_orc_garden, grunt_orc_garden, grunt_orc_garden

Skill      XL: |  1  2  3  4  5  6  7  8  9 10 11 12 13 14 15 16 |
---------------+-------------------------------------------------+-----
Axes           | 3 5 7 8 9 12 11 12 13 14 15 16 17 | 17.2
Fighting       | 3 4 5 6 7 8 9 10 | 10.2
Armour         | 4 7 6 7 8 9 10 11 | 11.9
Shields        | 4 0 |  0.0
Dodging        | 5 4 5 7 8 9 10 11 | 11.2
Spellcasting   | 1 4 5 4 5 6 |  6.2
Evocations     | 5 10 12 13 14 15 | 15.9

Action                   |  1- 3 |  4- 6 |  7- 9 | 10-12 | 13-15 | 16-18 || total
-------------------------+-------+-------+-------+-------+-------+-------++-------
Melee: War axe           |   114 |    55 |     1 |       |       |       ||   170
       Broad axe         |       |       |   347 |   315 |   607 |   276 ||  1545
Invok: Sacrifice Experie |       |       |     1 |       |       |       ||     1
       Draw Out Power    |       |       |    19 |    14 |    34 |    14 ||    81
       Power Leap        |       |       |     2 |     4 |     2 |     2 ||    10
       Sacrifice a Hand  |       |       |     1 |       |       |       ||     1
       Apocalypse        |       |       |       |     6 |     4 |     2 ||    12
       Sacrifice Skill   |       |       |       |     1 |       |       ||     1
 Abil: Heal Wounds       |     2 |     3 |     3 |     3 |    13 |     9 ||    33
Evoke: Wand              |       |       |     4 |     4 |    15 |    14 ||    37
       Condenser vane    |       |       |       |     4 |     8 |     3 ||    15
       Tin of tremorston |       |       |       |       |       |     3 ||     3
  Use: Potion            |       |     1 |     1 |       |     8 |     6 ||    16
       Scroll            |       |       |    18 |    10 |     6 |     3 ||    37
 Stab: Invisible         |       |       |     3 |     6 |     7 |     6 ||    22
       Paralysed         |       |       |       |    12 |    17 |    22 ||    51
       Distracted        |       |       |       |     1 |     4 |     1 ||     6
Armor: Scale mail        |    73 |    25 |    58 |       |       |       ||   156
       Ring mail         |       |       |   150 |       |       |       ||   150
       Skin              |       |       |     1 |       |       |       ||     1
       Ice dragon scales |       |       |       |   112 |       |       ||   112
       Chain mail        |       |       |       |   234 |   423 |   235 ||   892
Dodge: Dodged            |    68 |    33 |   252 |   435 |   593 |   321 ||  1702
Block: Kite shield       |   105 |    41 |    44 |       |       |       ||   190

Table legend: (Time is in decaauts)
 A = Elapsed time spent in this place.
 B = Non-inter-level travel time spent in this place.
 C = Inter-level travel time spent in this place.
 D = Time resting spent in this place.
 E = Time spent auto-exploring this place.
 F = Levels seen in this place.
 G = Mean time per level.
                   A        B        C        D        E       F      G
               +--------+--------+--------+--------+--------+-----+--------+
         Total |   7468 |   7291 |    177 |      0 |      0 |  37 |  201.8 |
       Dungeon |   2898 |   2776 |    122 |      0 |      0 |  14 |  207.0 |
        Temple |     84 |     84 |      0 |      0 |      0 |   1 |   84.0 |
          Lair |   1297 |   1270 |     27 |      0 |      0 |   6 |  216.2 |
         Swamp |   1187 |   1187 |      0 |      0 |      0 |   4 |  296.8 |
     Snake Pit |    813 |    785 |     28 |      0 |      0 |   4 |  203.2 |
  Orcish Mines |     23 |     23 |      0 |      0 |      0 |   2 |   11.5 |
         Abyss |    169 |    169 |      0 |      0 |      0 |   2 |   84.5 |
         Sewer |    109 |    109 |      0 |      0 |      0 |   1 |  109.0 |
       Ossuary |    338 |    338 |      0 |      0 |      0 |   1 |  338.0 |
        Bailey |    356 |    356 |      0 |      0 |      0 |   1 |  356.0 |
       Volcano |    187 |    187 |      0 |      0 |      0 |   1 |  187.0 |
               +--------+--------+--------+--------+--------+-----+--------+

Top non-repeatable levels by time:
    D:11: 631 daAuts
 Snake:4: 547 daAuts
     D:4: 459 daAuts
 Swamp:4: 427 daAuts
 Swamp:2: 375 daAuts
  Bailey: 356 daAuts
  Lair:2: 353 daAuts
 Ossuary: 338 daAuts
    D:12: 320 daAuts
  Lair:3: 311 daAuts
     D:9: 271 daAuts
 Swamp:3: 254 daAuts
    D:10: 223 daAuts
     D:6: 206 daAuts
  Lair:5: 205 daAuts
